cohdb
Replays
Latest Replays
All Replays
Popular Replays
Top Player Replays
Match Explorer
How It Works
Community
CoH3 Stats
Reddit
Sign in to upload your games and track your stats! →
Sign in with Steam
Match 45291251
Unlisted
Match 45291251
Overview
Messages
Build Orders
End
Construct Barracks
Riflemen Squad
Riflemen Squad
M1 Mortar Team
Grenade Package
Infantry Support Center
Riflemen Squad
Selects Special Operations Battlegroup
Selects Raiding Flares
Raiding Flares
Construct Motor Pool
M8 Greyhound Armored Car
Raiding Flares
M8 Greyhound Armored Car
Baloney
WANKER gaming
cumsader
Adelfos
Gumshoe.Cambro
AshCo Dismas
0
0
Comments
sign in to comment!
No comments posted yet!